Ilik, chaotic male human Wizard ------- ---------- -------- ..... |.........######|..<...| ... |........| #|......| ... |...%....| #|......| . |...[....| #|..%.)..# u |........-# #--.-..--# #@ ----------# #######[## a # # # #### ### ### ######## # # # #----.----- ############### #|........| # ---+----.- #|.........#########0###.........| #.........| # |........| ---------- ##|........| |........| |........| ---------- Ilik the Thaumaturge Experience level: 6 Strength: 10 Dexterity: 15 Constitution: 13 Intelligence: 18 Wisdom: 11 Charisma: 9 Health: 0(54) Energy: 4(54) AC: 9 Gold: 471 Moves: 2238 Your Inventory: Coins $ - 471 gold pieces Weapons a - a blessed +1 quarterstaff (weapon in hands) Armor b - an uncursed +0 cloak of magic resistance (being worn) Comestibles z - an [uncursed] food ration Scrolls i - 2 uncursed scrolls of light j - an uncursed scroll of identify p - a [blessed] scroll labeled GNIK SISI VLE [of teleportation] r - an [uncursed] scroll labeled VE FORBRYDERNE [of fire] s - an [uncursed] scroll labeled ZLORFIK [of punishment] w - an [uncursed] scroll labeled ELAM EBOW [of destroy armor] x - an [uncursed] unlabeled scroll [of blank paper] y - a [blessed] unlabeled scroll [of blank paper] Spellbooks k - a blessed spellbook of force bolt l - an uncursed spellbook of clairvoyance t - a [cursed] plain spellbook [of blank paper] u - an [uncursed] red spellbook [of detect treasure] Potions f - 2 uncursed potions of see invisible g - 2 uncursed potions of paralysis h - an uncursed potion of gain ability q - an [uncursed] black potion [of hallucination] v - an [uncursed] greasy potion [of healing] Rings d - an uncursed ring of fire resistance (on right hand) e - an uncursed +2 ring of increase accuracy (on left hand) Wands c - an uncursed wand of secret door detection (0:13) Tools m - an uncursed magic marker (0:76) Spells known in the end: Name Level Category Fail Memory a - force bolt 1 attack 0% [||||||||] b - clairvoyance 3 divination 77% [||||||||] Your skills at the end: Fighting Skills Weapon Skills quarterstaff [Basic / Expert] Spellcasting Skills attack spells [Basic / Expert] enchantment spells [Basic / Skilled] Final Attributes: You were piously aligned. Hunger level was 722. Your alignment was 21 / 21. Monster difficulty range was 0 - 5. Level difficulty was 5. You were immune to fire. You were magic-protected. You were telepathic. You had a +2 bonus to hit. Your luck was zero. You are dead. Vanquished creatures: a leprechaun a water nymph a rock mole a shrieker 2 kobold mummies a paper golem a floating eye a kitten a kobold lord a monkey 3 dwarf zombies 2 iguanas 6 killer bees a giant rat 2 brown molds 2 garter snakes 5 jackals a goblin 3 sewer rats 6 grid bugs 3 lichens 2 kobold zombies 47 creatures vanquished. Voluntary challenges: You were an atheist. You used a wielded weapon 37 times. You read items or engraved 82 times. You put on armor 1 time. You never genocided any monsters. You never polymorphed an object. You never changed form. You used no wishes. You wrote Elbereth's name 50 times. You never encountered a bones level. You never used any Sokoban shortcuts. Dungeon overview: The Dungeons of Doom: levels 1 to 5 Level 1 a long staircase Level 3 stairs to The Gnomish Mines Level 5 <- You were here The Gnomish Mines: Level 4 stairs to The Dungeons of Doom History has recorded: On T:1 you entered the Dungeons of Doom to retrieve the Amulet of Yendor! On T:448 you reached level 2 of The Dungeons of Doom. On T:733 you advanced to experience level 2. On T:907 you advanced to experience level 3. On T:1133 you reached level 3 of The Dungeons of Doom. On T:1301 you advanced to experience level 4. On T:1304 you reached level 1 of The Gnomish Mines. On T:1458 you advanced to experience level 5. On T:1562 you reached level 4 of The Dungeons of Doom. On T:2040 you reached level 5 of The Dungeons of Doom. On T:2041 you advanced to experience level 6. Latest messages: You hit the killer bee. The killer bee stings! The pony kicks! The pony bites! The pony kicks! The pony bites! [HP-15=20] You miss the killer bee. The killer bee stings! The pony kicks! The pony bites! The killer bee stings! [HP-7=13] You miss the killer bee. The killer bee stings! The pony kicks! The pony bites! [HP-4=9] You miss the killer bee. The killer bee just misses! The pony kicks! The pony bites! The killer bee stings! The pony kicks! You die... Final status: Goodbye Ilik the Wizard... You died in The Dungeons of Doom on dungeon level 5 with 2372 points, and 471 pieces of gold, after 2238 moves. You were level 6 with a maximum of 54 hit points when you died.